[Event "*** Titled Tuesday 3|2 Blitz"]
[Site "Chess.com"]
[Date "2016.01.05"]
[Round "8"]
[White "levallem"]
[Black "Jahonas"]
[Result "1-0"]
[WhiteElo "2151"]
[BlackElo "2088"]
[TimeControl "180+2"]
[EndTime "12:40:08 PST"]
[Termination "levallem won by resignation"]

1. d4 d5 2. c4 e6 3. Nc3 Nf6 4. Bg5 c6 5. e3 Nbd7 6. Nf3 Bd6 7. cxd5 exd5 8. Bd3 h6 9. Bh4 O-O 10. O-O b5 11. Rc1 Bb7 12. Bb1 Re8 13. Qd3 Nf8 14. a4 b4 15. Ne2 a5 16. Rfd1 g5 17. Bg3 Ba6 18. Qd2 Rc8 19. Bxd6 Qxd6 20. Ng3 Ne4 21. Nxe4 dxe4 22. Ne5 c5 23. Nc4 Bxc4 24. Rxc4 cxd4 25.
Rxd4 Qc6 26. h3 Ne6 27. Rxe4 Red8 28. Qe2 Rxd1+ 29. Qxd1 Qc1 30. Qxc1 Rxc1+ 31. Kh2 Rxb1 32. Re5 Rxb2 33. Rxa5 b3 34. Rb5 Rb1 35. a5 b2 36.
a6 Nc7 37. a7 Kg7 38. Rb7 Na8 39. Rb8 Kf6 40. Kg3 h5 41. Rxa8 Ra1 42. Rb8 Rxa7 43.
Rxb2 Kg6 44. Rb6+ f6 45. h4 gxh4+ 46. Kxh4 Ra2 47. Kg3 Kg5 48. Rb5+ Kg6 49. e4 Re2 50. Kf3 Re1 51. g3 Kg7 52. Rxh5 Kg6 53. Ra5 Rb1 54. Kf4 Rb4 55. f3 Rb3 56. g4 Rb4 57. Ra6 Kg7 58. Ra7+ Kg6 59. Ra6 Rb5 60. Re6 Kf7 61. Rc6 Kg6 62.
Rd6 Kf7 63. Rd5 Rb3 64. Rf5 Ke6 65. g5 fxg5+ 66. Kxg5 Rb1 67. Kf4 Re1 68. Ra5 Rb1 69.
Ra6+ Kf7 70. Kf5 1-0

[Event "*** Titled Tuesday 3|2 Blitz"]
[Site "Chess.com"]
[Date "2016.01.05"]
[Round "8"]
[White "yurisolo"]
[Black "Lupul_Cenusiu"]
[Result "0-1"]
[WhiteElo "2450"]
[BlackElo "2388"]
[TimeControl "180+2"]
[EndTime "12:40:18 PST"]
[Termination "Lupul_Cenusiu won on time"]

1. e4 c5 2. d4 cxd4 3. Nf3 e6 4. Nxd4 a6 5. Bd3 Bc5 6. Nb3 Ba7 7. Qg4 Nf6 8. Qg3 d6 9. Nc3 O-O 10. Bg5 Nc6 11.
O-O-O Kh8 12. Be2 Bb8 13. f4 Qe8 14. Qh4 Ng8 15. Qf2 f6 16. Bh4 b5 17. Bf3 Ra7 18.
g4 Bd7 19. Bg3 b4 20. Ne2 e5 21. f5 a5 22. Nd2 a4 23. Nc4 Qf7 24. b3 axb3 25.
axb3 Na5 26. Nxa5 Rxa5 27. Kb2 Ba7 28. Qg2 Bc5 29. Ra1 Rfa8 30. Bf2 Qe8 31. h4 Qc8 32. Rxa5 Rxa5 33. g5 Qa6 34. Bxc5 dxc5 35. Rg1 Ra2+ 36. Kc1 Ra1+ 37. Kd2 Qd6+ 38. Ke3 Rxg1 39.
Qxg1 Bb5 40. Qa1 fxg5 41. hxg5 Qe7 42. Qg1 h6 43. gxh6 Nxh6 44. Qg6 Qh4 45. Qb6 Bxe2 46.
Kxe2 Qh2+ 47. Kd3 Qf2 48. Bh5 Qd4+ 49. Ke2 Qxe4+ 50. Kd2 Qf4+ 51. Kd3 Qxf5+ 52. Kc4 Qxh5 53. Qd8+ Kh7 54. Kxc5 Qf5 55. Kxb4 Qxc2 0-1

[Event "*** Titled Tuesday 3|2 Blitz"]
[Site "Chess.com"]
[Date "2016.01.05"]
[Round "8"]
[White "GeorgMeier"]
[Black "BahadirOzen"]
[Result "1-0"]
[WhiteElo "2679"]
[BlackElo "2478"]
[TimeControl "180+2"]
[EndTime "12:40:19 PST"]
[Termination "GeorgMeier won on time"]

1. Nf3 g6 2. e4 Bg7 3. d4 d6 4.
Be2 Nf6 5. Nc3 O-O 6. O-O c6 7.
h3 Nbd7 8. Bf4 Qa5 9. a3 e5 10. dxe5 dxe5 11. Be3 Qc7 12. Nd2 b5 13. a4 b4 14. Ncb1 c5 15. c3 Bb7 16. Qc2 Rac8 17.
a5 a6 18. Rc1 Qb8 19. Bf3 Qa8 20. g3 h5 21. Bg2 h4 22. g4 Rfe8 23. Re1 Nf8 24. Bg5 Ne6 25. Bxh4 Nf4 26. f3 Bc6 27. Nc4 Rcd8 28. Nbd2 Bb5 29. Bf1 Qb7 30. Kh2 Rd7 31.
Ne3 Red8 32. Ndc4 Qc7 33. Rad1 Rxd1 34. Rxd1 Rxd1 35. Qxd1 bxc3 36. bxc3 Ne8 37. Qd8 Qxd8 38. Bxd8 f6 39. h4 Kf7 40. Kg3 Ne6 41. Bb6 Bh6 42. Nd5 Bc1 43. Kf2 Nf4 44. Nxe5+ fxe5 45. Bxb5 Nxd5 46. Bc4 1-0

[Event "*** Titled Tuesday 3|2 Blitz"]
[Site "Chess.com"]
[Date "2016.01.05"]
[Round "8"]
[White "alturas_pacificas"]
[Black "DaPazz"]
[Result "1/2-1/2"]
[WhiteElo "2068"]
[BlackElo "1868"]
[TimeControl "180+2"]
[EndTime "12:40:22 PST"]
[Termination "Game drawn by agreement"]

1. d4 d5 2. Bf4 c5 3. e3 Qb6 4.
Nc3 e6 5. Nb5 Na6 6. c3 c4 7. a4 Nf6 8. Nf3 Bd7 9. b3 Bxb5 10.
axb5 Qxb5 11. bxc4 dxc4 12. Ne5 Rc8 13. Rb1 Qd5 14.
Be2 b5 15. Bf3 Ne4 16. O-O f5 17. Bxe4 fxe4 18. Ra1 Nc7 19. Rxa7 g6 20. Nxg6 hxg6 21. Rxc7 Rxc7 22. Bxc7 Bd6 23. Bxd6 Qxd6 24. h3 Kf7 25.
Qg4 Qd5 26. Ra1 Qf5 27. Ra7+ Kf6 28. Qxf5+ gxf5 29. Rb7 Ra8 30. Rxb5 Ra3 31. Kh2 Rxc3 32. Kg3 Rc2 33. Rc5 c3 34. h4 Rc1 35. Rc6 Ke7 36.
h5 c2 37. h6 Kd7 38. Rc3 Rh1 39. Rxc2 Rxh6 40. f3 exf3 41. gxf3 Kd6 42. Ra2 Rg6+ 43. Kf4 Rh6 44. Ra6+ Kd5 45. Ra5+ Kd6 46. e4 fxe4 47. fxe4 Rh4+ 48. Kf3 Rh3+ 49. Kg4 Rd3 50. Ra6+ Ke7 51.
Kf4 Rxd4 52. Ke5 Rb4 53. Rxe6+ Kf7 54. Rf6+ Ke7 55. Re6+ Kf7 56. Ra6 Ke7 57. Ra7+ Ke8 58. Kf5 Rb6 59. e5 Rc6 60. Rh7 Ra6 61. Rh8+ Ke7 62.
Rh7+ Ke8 63. Rb7 Rc6 64. Ke4 Ra6 65. Kd5 Rh6 66. e6 Rh1 67. Rb8+ Ke7 68. Rb7+ Ke8 69.
Ke5 Re1+ 70. Kd6 Rd1+ 71. Ke5 Re1+ 72. Kf6 Rf1+ 73. Kg5 Rg1+ 74. Kf5 Rf1+ 75. Kg4 Rg1+ 76. Kf4 Rf1+ 77. Ke3 Re1+ 78. Kd4 Rxe6 79. Kd5 Rh6 80. Rb8+ Kd7 81. Rb7+ Kd8 82. Rg7 Ra6 83. Kc5 Rf6 84. Kd5 Ra6 1/2-1/2

[Event "*** Titled Tuesday 3|2 Blitz"]
[Site "Chess.com"]
[Date "2016.01.05"]
[Round "8"]
[White "Dlugy"]
[Black "Frolyanov_D"]
[Result "0-1"]
[WhiteElo "2590"]
[BlackElo "2509"]
[TimeControl "180+2"]
[EndTime "12:40:31 PST"]
[Termination "Frolyanov_D won by resignation"]

1. d4 d5 2. Bf4 Nf6 3. e3 c5 4. dxc5 e6 5. b4 a5 6. c3 Nc6 7. Bb5 Bd7 8. Qb3 axb4 9. cxb4 Ne4 10. Ne2 Be7 11. Nbc3 Nxc3 12. Nxc3 O-O 13. O-O d4 14. Ne4 e5 15. Bg3 Bf5 16. Nd2 dxe3 17. fxe3 Qxd2 18. Rxf5 Nd4 19. Qd3 Qxd3 20. Bxd3 Nxf5 21. Bxf5 Ra4 22. a3 Rfa8 23. Bxe5 Rxa3 24. Re1 Bf6 25. Bxf6 gxf6 26. Be4 Ra1 27. Rxa1 Rxa1+ 28. Kf2 Ra4 29. Bxb7 Rxb4 30.
c6 Rc4 31. Ke2 Kf8 32. Kd3 Rc1 33. Ke4 Ke7 34. Kf3 Kd6 35. Ba8 Rc5 36. Bb7 h6 37. Kf4 Ke6 38. h3 Rc4+ 39. Kf3 Ke5 40. Kg3 Rc3 41. Kf3 Rc4 42. Ba8 h5 43. Bb7 h4 44.
Ba8 f5 45. Bb7 Rc3 46. Kf2 f4 47. exf4+ Kxf4 48. Ba8 Ke5 49. Bb7 Kd6 50. Ba8 Rg3 51. Bb7 Kc7 52. Kf1 f5 53. Kf2 f4 54. Kf1 f3 55. gxf3 Rxh3 56. Kg2 Rg3+ 57. Kh2 Rxf3 58.
Ba8 Rc3 59. Bb7 Kd6 60. Ba8 Ke5 61. Bb7 Kf4 62. Ba8 Kg4 63. Bb7 h3 64. Bc8+ Kh4 65.
Bf5 Rxc6 66. Bxh3 Rc2+ 67. Bg2 Rf2 68. Kg1 Kg3 69. Bf1 Ra2 70. Bc4 Ra1+ 71. Bf1 Rb1 0-1

[Event "*** Titled Tuesday 3|2 Blitz"]
[Site "Chess.com"]
[Date "2016.01.05"]
[Round "8"]
[White "Zlatan56"]
[Black "Tesla37"]
[Result "1/2-1/2"]
[WhiteElo "2582"]
[BlackElo "2545"]
[TimeControl "180+2"]
[EndTime "12:40:47 PST"]
[Termination "Game drawn by agreement"]

1. Nf3 d5 2. g3 c6 3. Bg2 Bg4 4. O-O Nd7 5. d3 Ngf6 6. c4 e6 7. cxd5 exd5 8. h3 Bh5 9. Nc3 Bc5 10. Qb3 Bb6 11. Na4 O-O 12. Nxb6 axb6 13. Qc2 Re8 14. Re1 Nc5 15. b3 Ne6 16. Bb2 Qe7 17. Nd4 Nxd4 18. Bxd4 b5 19. e4 dxe4 20. dxe4 Bg6 21. Qb2 Rad8 22.
a4 bxa4 23. bxa4 Rd7 24. a5 Red8 25. Bxf6 gxf6 26. Rab1 Ra8 27. Qc3 Qe5 28. Qe3 Rxa5 29. f4 Qd6 30. f5 Ra3 31. Qf2 Rxg3 32. e5 Qd3 33. exf6 Rd8 34. fxg6 Rxg6 35. Rxb7 h5 36.
Rbe7 Qxh3 37. Re8+ Rxe8 38. Rxe8+ Kh7 39. Re7 Qb3 40.
Kh2 Qb8+ 41. Kh1 Qb1+ 42. Bf1 Qb3 43. Qf5 Kh6 44. Qf4+ Kh7 45. Re3 Qd5+ 46. Rf3 Rg5 47. Kh2 Kh6 48. Rg3 Qe5 49. Qxe5 Rxe5 50. Bd3 Re6 51. Rf3 Kg5 52. Rf5+ Kg6 53. Rf3+ Kg5 54. Rf5+ Kg6 55. Rc5+ Kxf6 56. Bc4 Rd6 57. Kg3 Kg6 58.
Be2 f5 59. Bf3 Kg5 60. Rxc6 Rxc6 61. Bxc6 1/2-1/2

[Event "*** Titled Tuesday 3|2 Blitz"]
[Site "Chess.com"]
[Date "2016.01.05"]
[Round "8"]
[White "THORK"]
[Black "saraswathii"]
[Result "1-0"]
[WhiteElo "2157"]
[BlackElo "1852"]
[TimeControl "180+2"]
[EndTime "12:41:29 PST"]
[Termination "THORK won by checkmate"]

1. e3 d5 2. c4 c6 3. Nf3 Nf6 4. Nc3 Bf5 5. b3 Nbd7 6. cxd5 cxd5 7. Bb2 e6 8. h3 Bd6 9. Nb5 Bb8 10.
Ba3 a6 11. Nd6+ Bxd6 12. Bxd6 Qb6 13. Ba3 Qa5 14. Bb2 O-O 15. Be2 Rac8 16. O-O Bc2 17. Qe1 Bg6 18. d3 Qxe1 19. Rfxe1 Rc2 20. Ba3 Rfc8 21.
Rac1 e5 22. Rxc2 Rxc2 23. Rc1 Rxc1+ 24. Bxc1 e4 25. Ne1 Ne5 26. d4 Nc6 27. Bd2 Nd7 28.
Nc2 f5 29. Nb4 Nxb4 30. Bxb4 Kf7 31. Kf1 Ke6 32. Ke1 Nb6 33. a4 Nc8 34. a5 Kd7 35. Bf8 Nd6 36. Bxg7 Nb5 37. Kd2 Kc6 38. Bf8 Be8 39.
f3 Nc7 40. fxe4 fxe4 41. g4 Ne6 42. Ba3 Kc7 43. h4 Bb5 44. Bd1 h6 45. Be7 Kd7 46. Bf6 Ke8 47. Be5 Kf7 48. Kc3 Bd7 49. Kb4 Bc6 50. Bf4 Nxf4 51. exf4 Ke6 52. Kc3 Kf6 53.
Kd2 Bb5 54. Ke3 Bd3 55. b4 Kg6 56. Ba4 Kf6 57. Be8 Ke7 58. Ba4 Kf6 59. Bb3 Ke6 60.
f5+ Kd6 61. g5 hxg5 62. hxg5 Ke7 63. Bxd5 Kd6 64. Bxb7 Bb5 65. Bxe4 Ke7 66. d5 Kd6 67. Kd4 Ke7 68. Bd3 Kd6 69. Bxb5 axb5 70. Ke4 Kd7 71. Ke5 Ke7 72. g6 Kf8 73. f6 Kg8 74. Kd6 Kf8 75. Kd7 Kg8 76. Ke7 Kh8 77. a6 Kg8 78. a7 Kh8 79.
a8=R# 1-0

[Event "*** Titled Tuesday 3|2 Blitz"]
[Site "Chess.com"]
[Date "2016.01.05"]
[Round "8"]
[White "Keranke"]
[Black "AlexanderL"]
[Result "0-1"]
[WhiteElo "2607"]
[BlackElo "2571"]
[TimeControl "180+2"]
[EndTime "12:41:31 PST"]
[Termination "AlexanderL won by resignation"]

1. d4 d5 2. Bf4 Nf6 3. e3 c5 4.
Nc3 e6 5. Nb5 Na6 6. Nf3 Be7 7.
c3 O-O 8. Bd3 Bd7 9. a4 c4 10.
Be2 Bxb5 11. axb5 Nc7 12. Bxc7 Qxc7 13. O-O Ne4 14. Qa4 Qb6 15. Rfc1 a6 16. b3 axb5 17. Qxa8 Rxa8 18. Rxa8+ Bf8 19. Ne5 Qc7 20. bxc4 bxc4 21.
f3 Nd6 22. Rb1 f6 23. Ng4 b5 24. Rba1 Nc8 25. e4 dxe4 26. fxe4 b4 27. Ne3 Nb6 28. R8a7 Qf4 29. Nxc4 bxc3 30. R7a2 Nxc4 31. Bxc4 Qxe4 32. Kh1 Qxd4 33. Bxe6+ Kh8 34. Ra8 Qd6 35. Rc8 c2 36.
Bb3 g6 37. Bxc2 Kg7 38. Rd1 Qe5 39. Rc6 f5 40. h3 Kh6 41. Kg1 Be7 42. Kh1 Bh4 43.
Rc4 Bg3 44. Rf1 Qe2 45. Bd3 Qxd3 46. Rcc1 Qd6 47. Rfd1 Qf6 48. Rd3 Be5 49. Rf1 Qg5 50. Rdf3 Qd8 51. Re1 Qd6 52. Rfe3 Bf6 53. Re6 Qd4 54.
R6e3 Bd8 55. Rf3 Bc7 56. Ref1 Qd6 57. g3 Qd5 58. Kh2 Kg5 59. R1f2 h5 60. h4+ Kf6 61. Kh3 Qe4 62. Rc3 Be5 63. Rcf3 Qg4+ 64. Kh2 Qxh4+ 65.
Kg2 Qg4 0-1

[Event "*** Titled Tuesday 3|2 Blitz"]
[Site "Chess.com"]
[Date "2016.01.05"]
[Round "8"]
[White "bugsbunny444"]
[Black "HansCoolNiemann"]
[Result "0-1"]
[WhiteElo "2338"]
[BlackElo "2221"]
[TimeControl "180+2"]
[EndTime "12:41:34 PST"]
[Termination "HansCoolNiemann won by resignation"]

1. Nf3 Nf6 2. c4 g6 3. b4 Bg7 4.
Bb2 O-O 5. g3 d5 6. cxd5 Nxd5 7.
Bxg7 Kxg7 8. Qb3 Be6 9. Bg2 Nc6 10. b5 Na5 11. Qb2+ f6 12. d3 c6 13. bxc6 Nxc6 14. O-O Qd7 15. Nbd2 Bf7 16. Rfc1 Rfc8 17. Ng5 Bg8 18. Bh3 e6 19. Nde4 b6 20. Nf3 Qe7 21. Rc4 Rc7 22. Rac1 Rac8 23. g4 h6 24. e3 Kh7 25.
Bg2 e5 26. R4c2 Ncb4 27. Rxc7 Rxc7 28. Rxc7 Qxc7 29. d4 exd4 30. Nxd4 Qe5 31. Qd2 f5 32. gxf5 gxf5 33. Ng3 f4 34. Ngf5 fxe3 35. fxe3 Be6 36. a3 Bxf5 37. Nxf5 Qxf5 38. axb4 Qb1+ 39.
Kf2 Nf6 40. Qd4 Qf5+ 41. Kg1 Kg6 42. e4 Qf4 43. Qd3 Qe5 44. Qg3+ Qxg3 45. hxg3 Nd7 46. Kf2 Kf6 47. Ke3 Ke5 48. b5 Nc5 49. Bf3 Ne6 50. Be2 Nd4 51. Bd3 Ne6 52. Be2 Nc5 53. Bd3 Nb7 54. Bc4 Nd6 55. Bd3 Nb7 56. Bc4 Nc5 57. Bd3 Ne6 58. Bc4 Nd4 59. Bd3 Ne6 60. Bc4 Nc7 61. Bd3 Ne8 62. Be2 Nd6 63. Bd3 h5 64. Be2 Nxe4 65. Bxh5 Nxg3 66. Be8 Ne4 67. Bc6 Nf6 68. Kd3 Nd5 69. Kc4 Ne7 70. Bg2 Nf5 71. Kb4 Kd4 72. Bc6 Ne3 73. Be8 Nd5+ 74. Ka4 Kc5 75.
Bd7 Nc3+ 76. Kb3 Nxb5 77. Be8 Nd4+ 78. Kc3 a5 79. Bf7 b5 80. Bg8 a4 81. Kb2 b4 82. Bf7 Nb5 83. Bg8 Nd6 84. Be6 Nc4+ 85. Kc2 Kd4 86. Bf5 b3+ 87. Kc1 Kc3 88. Kb1 a3 0-1

[Event "*** Titled Tuesday 3|2 Blitz"]
[Site "Chess.com"]
[Date "2016.01.05"]
[Round "8"]
[White "FairChess_on_YouTube"]
[Black "Anton_Demchenko"]
[Result "1-0"]
[WhiteElo "2801"]
[BlackElo "2678"]
[TimeControl "180+2"]
[EndTime "12:45:19 PST"]
[Termination "FairChess_on_YouTube won by resignation"]

1. e4 e5 2. Nf3 Nc6 3. Bb5 g6 4. O-O Bg7 5. c3 a6 6. Bc4 Nf6 7. d4 d6 8. dxe5 dxe5 9. Qxd8+ Nxd8 10. Nxe5 Nxe4 11. Re1 f5 12. Nd2 Bxe5 13. Nxe4 fxe4 14. Rxe4 Nc6 15. Bf4 Bf5 16. Rxe5+ Nxe5 17. Bxe5 Rf8 18. Bg7 Rf7 19. Bxf7+ Kxf7 20. Bd4 Re8 21. Be3 Rd8 22. Kf1 a5 23. Rc1 b5 24. f3 a4 25. Kf2 Be6 26.
a3 Bb3 27. Bd4 Re8 28. g4 Bc4 29. Be3 Rd8 30. Re1 Rd3 31. Bg5 Bd5 32. Re7+ Kf8 33. Rxh7 Rxf3+ 34. Ke1 c6 35. Rc7 Rh3 36. Bf4 Rf3 37.
Bd6+ Kg8 38. h4 Rh3 39. Be7 Rg3 40. g5 Rh3 41. Bf6 Be4 42. Kd2 Rxh4 43. Ke3 Kf8 44. Bg7+ Ke8 45. Bf6 Kf8 46. Kd4 Bd5+ 47. Kc5 Rh2 48.
c4 Bxc4 49. Kxc6 Rd2 50. Kb6 Rd6+ 51. Kc5 Rd5+ 52. Kb4 Bd3 53. Rg7 Rf5 54. Rd7 Rf4+ 55.
Kc5 Bc4 56. Kd6 Rf1 57. Rd8+ Kf7 58. Rd7+ Kf8 59. Rg7 Bd3 60. Rh7 Rd1 61. Kc5 Rc1+ 62. Kd4 Bf5 63. Rb7 Rc4+ 64. Ke5 Rc5+ 65. Kd6 Rc1 66.
Rb8+ Kf7 67. Rb7+ Kf8 68. Rxb5 Rd1+ 69. Kc7 Rc1+ 70. Kb6 Rc4 71. Ka5 Bc2 72. Rb7 Ke8 73. Re7+ Kf8 74. Kb5 Bd3 75. Re3 Bf1 76. Ka5 Rf4 77.
Be7+ Kf7 78. Bf6 Kf8 79. Re5 Bd3 80. Rc5 Be2 81. Rd5 Kf7 82. Rd7+ Kf8 83. Rh7 Bd3 84. Kb6 Bc2 85. Kc5 Bb3 86. Kd6 Rf1 87. Rg7 Bc2 88. Rc7 Bb3 89. Ke5 Re1+ 90. Kd4 Rd1+ 91. Ke3 Re1+ 92. Kd2 Rd1+ 93. Ke2 Rd5 94. Ke3 Rd1 95. Rb7 Re1+ 96. Kd4 Rd1+ 97. Kc3 Rc1+ 98. Kb4 Rf1 99.
Be7+ Ke8 100. Bf6 Rc1 101. Rg7 Rc4+ 102. Kb5 Rg4 103. Rxg6 Kd7 104. Rg7+ Ke6 105. Rc7 Kf5 106. Rc5+ Kg6 107. Rc3 Rg1 108. Rxb3 axb3 109. a4 Kf5 110. a5 Ke6 111. a6 Kd7 112. Kb6 Re1 113. a7 Ra1 114. g6 Ke6 115. g7 Kf7 116. Kb7 Ra4 117. Bc3 Ra1 118. a8=Q Rxa8 119. Kxa8 1-0

[Event "*** Titled Tuesday 3|2 Blitz"]
[Site "Chess.com"]
[Date "2016.01.05"]
[Round "9"]
[White "stefanodinn"]
[Black "alturas_pacificas"]
[Result "1-0"]
[WhiteElo "2154"]
[BlackElo "2062"]
[TimeControl "180+2"]
[EndTime "12:50:44 PST"]
[Termination "stefanodinn won by resignation"]

1. e4 g6 2. d4 Bg7 3. g3 d5 4.
e5 c5 5. c3 cxd4 6. cxd4 Nc6 7. Bg2 f6 8. f4 fxe5 9. dxe5 e6 10. Nf3 Nge7 11. O-O O-O 12. Nc3 b6 13. Kh1 Bb7 14. Be3 Nf5 15. Bf2 d4 16. Nb5 Ne3 17. Bxe3 dxe3 18.
Re1 Qxd1 19. Raxd1 Nb4 20. Nd6 Bd5 21. a3 Nc2 22. Re2 Rac8 23. Nxc8 Rxc8 24. Ng5 Bxg2+ 25. Kxg2 Bf8 26. Nxe6 Kf7 27. Nxf8 Kxf8 28. Rc1 1-0

[Event "*** Titled Tuesday 3|2 Blitz"]
[Site "Chess.com"]
[Date "2016.01.05"]
[Round "9"]
[White "Gergo85"]
[Black "Matibar"]
[Result "1-0"]
[WhiteElo "2385"]
[BlackElo "2426"]
[TimeControl "180+2"]
[EndTime "12:51:20 PST"]
[Termination "Gergo85 won by resignation"]

1. e4 e5 2. Nc3 Nf6 3. g3 d5 4. exd5 Nxd5 5. Bg2 Nxc3 6. bxc3 Bd6 7. Nf3 O-O 8. O-O Nc6 9. d4 exd4 10. Nxd4 Qf6 11. Rb1 Nxd4 12. cxd4 Rb8 13. c4 b6 14. c5 Bf5 15. cxd6 Bxb1 16. dxc7 Rbc8 17. Bf4 Bxa2 18.
Qd2 Bc4 19. Rc1 b5 20. d5 h6 21. h4 a5 22. d6 a4 23. d7 a3 24. dxc8=Q Rxc8 25. Bb7 Rxc7 26. Bxc7 a2 27. Qd8+ Qxd8 28. Bxd8 b4 29. Ba5 b3 30. Bc3 Be6 31. Bb2 Kh7 32. Be4+ f5 33. Bd3 1-0

[Event "*** Titled Tuesday 3|2 Blitz"]
[Site "Chess.com"]
[Date "2016.01.05"]
[Round "9"]
[White "Malev212"]
[Black "nfds"]
[Result "1-0"]
[WhiteElo "2292"]
[BlackElo "2331"]
[TimeControl "180+2"]
[EndTime "12:51:32 PST"]
[Termination "Malev212 won by resignation"]

1. e4 c5 2. Nf3 Nc6 3. Bb5 g6 4.
Bxc6 dxc6 5. d3 Bg7 6. h3 e5 7.
O-O Ne7 8. Be3 b6 9. a3 a5 10. Nbd2 O-O 11. Nc4 Qc7 12. b4 axb4 13. axb4 Rxa1 14.
Qxa1 b5 15. Qa5 Qxa5 16. Nxa5 cxb4 17. Bc5 Re8 18. Bxb4 Bd7 19. Ra1 Nc8 20. Nb3 Nb6 21. Ra7 Bc8 22. Na5 Bf8 23. Bxf8 Kxf8 24. Nxc6 Nd7 25. Rc7 Nb6 26. Ncxe5 Be6 27. Ng5 f6 28. Nxh7+ 1-0

[Event "*** Titled Tuesday 3|2 Blitz"]
[Site "Chess.com"]
[Date "2016.01.05"]
[Round "9"]
[White "Colombiano07"]
[Black "amaidel"]
[Result "1-0"]
[WhiteElo "2179"]
[BlackElo "2362"]
[TimeControl "180+2"]
[EndTime "12:51:51 PST"]
[Termination "Colombiano07 won by checkmate"]

1. d4 f5 2. Nc3 Nf6 3. Bg5 d5 4. e3 e6 5. Bd3 Be7 6. Nf3 O-O 7.
Ne5 c5 8. h3 Nc6 9. Nxc6 bxc6 10. g4 c4 11. Be2 Rb8 12. Rb1 c5 13. gxf5 exf5 14. dxc5 Be6 15. Bf3 Qa5 16. O-O Qxc5 17. Qd4 Qxd4 18. exd4 Rfd8 19. Rfe1 Kf7 20. Re5 Nd7 21.
Rxe6 Kxe6 22. Re1+ Kf7 23. Rxe7+ Kg6 24. Bc1 Nf6 25.
Rxa7 Re8 26. Kf1 Rbd8 27. Ra5 Re7 28. Be3 Rb8 29. b3 cxb3 30. cxb3 Rc7 31. Nxd5 Nxd5 32. Bxd5 Rc2 33. Ra6+ Kh5 34. Bf3+ Kh4 35. Kg2 Re8 36. Bf4 Re1 37. Bg3+ Kg5 38. h4# 1-0

[Event "*** Titled Tuesday 3|2 Blitz"]
[Site "Chess.com"]
[Date "2016.01.05"]
[Round "9"]
[White "tac49"]
[Black "motivated_bishop"]
[Result "1-0"]
[WhiteElo "2450"]
[BlackElo "2268"]
[TimeControl "180+2"]
[EndTime "12:51:56 PST"]
[Termination "tac49 won by resignation"]

1. e4 e5 2. Nc3 Nf6 3. Nf3 Nc6 4. d4 exd4 5. Nxd4 Bb4 6. Nxc6 bxc6 7. Bd3 d5 8. exd5 O-O 9. O-O cxd5 10. h3 c6 11. Qf3 Re8 12. Bf4 Bd6 13. Rfe1 Be6 14. Ne2 Qb8 15. b3 Bd7 16. Bxd6 Qxd6 17. Rad1 Qa3 18.
Qf4 Qxa2 19. Ra1 Qb2 20. c3 Ne4 21. Qc7 Nxc3 22. Qxd7 Nxe2+ 23. Bxe2 Rxe2 24. Rxe2 Qxa1+ 25. Kh2 Qf6 26. Qe8+ 1-0

[Event "*** Titled Tuesday 3|2 Blitz"]
[Site "Chess.com"]
[Date "2016.01.05"]
[Round "9"]
[White "BIG_Pirate"]
[Black "MapleDanish"]
[Result "0-1"]
[WhiteElo "2194"]
[BlackElo "2091"]
[TimeControl "180+2"]
[EndTime "12:51:56 PST"]
[Termination "MapleDanish won by resignation"]

1. Nf3 d5 2. c4 e6 3. d4 Nf6 4. Nc3 Be7 5. Bf4 O-O 6. e3 Nbd7 7. Rc1 c5 8. cxd5 Nxd5 9. Nxd5 exd5 10. dxc5 Nxc5 11.
a3 Bg4 12. Be2 Ne6 13. Be5 Bf6 14. Bxf6 Qxf6 15. O-O Rad8 16. Rc2 d4 17. Nxd4 Nxd4 18. exd4 Rxd4 19. Qc1 h6 20. Bxg4 Rxg4 21. Rc7 Qf3 22.
g3 Rd8 23. Re1 Rgd4 24. Rc8 Kh7 25. Qc2+ g6 26. Rxd8 Rxd8 27. h4 h5 28. Qc4 Rd2 29.
Re3 Qxf2+ 0-1

[Event "*** Titled Tuesday 3|2 Blitz"]
[Site "Chess.com"]
[Date "2016.01.05"]
[Round "9"]
[White "DaPazz"]
[Black "Quiet_Desperation"]
[Result "0-1"]
[WhiteElo "1865"]
[BlackElo "2106"]
[TimeControl "180+2"]
[EndTime "12:52:38 PST"]
[Termination "Quiet_Desperation won by checkmate"]

1. e4 e6 2. Qe2 c5 3. g3 Nc6 4.
Bg2 d6 5. Nc3 g6 6. d3 Bg7 7. Be3 Nge7 8. Qd2 h6 9. Nge2 Bd7 10.
O-O Qc7 11. a3 a6 12. Rab1 h5 13. h3 h4 14. g4 f5 15. exf5 gxf5 16. d4 cxd4 17.
Nxd4 fxg4 18. hxg4 h3 19. Bf3 Ne5 20. Ne4 Nxf3+ 21.
Nxf3 d5 22. Ng3 O-O-O 23. Bf4 e5 24. Bg5 Bxg4 25. Nh2 Be6 26. Qb4 Nc6 27. Qa4 Rdg8 28. c4 Bf8 29. cxd5 Bxd5 30. Be3 e4 31. Rfe1 Rxg3+ 32. fxg3 Qxg3+ 33. Kh1 Qg2# 0-1

[Event "*** Titled Tuesday 3|2 Blitz"]
[Site "Chess.com"]
[Date "2016.01.05"]
[Round "9"]
[White "GargleBlaster"]
[Black "HansCoolNiemann"]
[Result "1/2-1/2"]
[WhiteElo "2253"]
[BlackElo "2222"]
[TimeControl "180+2"]
[EndTime "12:52:47 PST"]
[Termination "Game drawn by repetition"]

1. e4 e6 2. d4 d5 3. Nc3 Nf6 4. e5 Nfd7 5. f4 c5 6. Nf3 Nc6 7. Be3 cxd4 8. Nxd4 Bc5 9. Qd2 O-O 10. O-O-O a6 11. h4 Bxd4 12. Bxd4 b5 13. Qf2 b4 14.
Na4 Qa5 15. b3 Nxd4 16. Qxd4 Bb7 17. f5 Bc6 18. f6 Bxa4 19. Qg4 g6 20. Qg5 Kh8 21.
Qh6 Rg8 22. h5 Nf8 23. Bd3 g5 24. bxa4 Qxa4 25. Rh3 Qa3+ 26. Kb1 Qc3 27. Bxh7 Nxh7 28. Rxc3 bxc3 29. Rd3 Rac8 30. a4 a5 31. Ka2 Rc4 32. Kb3 Rb8+ 33. Ka3 Rg8 34. Kb3 Rb8+ 35. Ka3 Rg8 36. Kb3 Rb8+ 37. Ka3 Rg8 38. Kb3 Rb8+ 39. Ka3 Rg8 40. Kb3 1/2-1/2

[Event "*** Titled Tuesday 3|2 Blitz"]
[Site "Chess.com"]
[Date "2016.01.05"]
[Round "9"]
[White "Tesla37"]
[Black "stepanosinovsky"]
[Result "1-0"]
[WhiteElo "2549"]
[BlackElo "2252"]
[TimeControl "180+2"]
[EndTime "12:52:54 PST"]
[Termination "Tesla37 won by resignation"]

1. e4 e5 2. Nf3 Nc6 3. Bb5 a6 4. Ba4 Nf6 5. O-O Be7 6. d3 b5 7. Bb3 O-O 8. a3 Re8 9. Nc3 Bf8 10. Ng5 Re7 11. f4 h6 12. Nxf7 Rxf7 13. Bxf7+ Kxf7 14. fxe5 Bc5+ 15. Kh1 Nxe5 16. Qh5+ Kg8 17. Qxe5 d6 18.
Qg3 Nh5 19. Qe1 Be6 20. Be3 Bxe3 21. Qxe3 Qh4 22. Ne2 Re8 23. Nf4 Nf6 24. Nxe6 Rxe6 25. Qf4 Qh5 26. Qf5 Qe8 27. Rf3 Re5 28. Qf4 d5 29.
exd5 Nxd5 30. Qg3 Re2 31. Raf1 Kh7 32. Rf7 Qg8 33. Qf3 Re5 34. Rf5 Qe6 35. Rxe5 Qxe5 36. Qf5+ Qxf5 37. Rxf5 c6 38. Kg1 1-0

[Event "*** Titled Tuesday 3|2 Blitz"]
[Site "Chess.com"]
[Date "2016.01.05"]
[Round "9"]
[White "Danirod"]
[Black "AsafGivon"]
[Result "0-1"]
[WhiteElo "2378"]
[BlackElo "2296"]
[TimeControl "180+2"]
[EndTime "12:53:11 PST"]
[Termination "AsafGivon won by resignation"]

1. e4 c5 2. Nf3 e6 3. c3 d5 4. exd5 exd5 5. d4 a6 6. Bd3 Nc6 7. O-O c4 8. Bc2 Bd6 9. Bg5 Nge7 10.
b3 b5 11. a4 Rb8 12. axb5 axb5 13. bxc4 bxc4 14. Ba4 Bd7 15. Re1 O-O 16. Na3 f6 17. Bh4 Nf5 18. Bg3 Nxg3 19. hxg3 Na5 20. Bc2 Nb3 21. Ra2 Re8 22. Nb1 Rxe1+ 23. Qxe1 Ra8 24. Rxa8 Qxa8 25. Nbd2 Qa3 26. Qb1 Qc1+ 27. Kh2 Qxb1 28. Nxb1 Bc7 29. Kg1 Ba5 30. Kf1 Na1 31. Ba4 Bxa4 32.
Ke2 Bc2 33. Nfd2 Nb3 34. Na3 Bd3+ 35. Ke3 Nxd2 36. Kxd2 Bf1 37. Nb5 Bxg2 38. Nd6 Kf8 39. Nf5 Be4 40. Ne3 h5 41. Nd1 Kf7 42. Ne3 Ke6 43.
Nd1 g5 44. Ne3 h4 45. gxh4 gxh4 0-1

[Event "*** Titled Tuesday 3|2 Blitz"]
[Site "Chess.com"]
[Date "2016.01.05"]
[Round "9"]
[White "oggy1984"]
[Black "ER404"]
[Result "0-1"]
[WhiteElo "2147"]
[BlackElo "2125"]
[TimeControl "180+2"]
[EndTime "12:53:21 PST"]
[Termination "ER404 won on time"]

1. d4 d5 2. Bf4 c5 3. e3 Nc6 4.
c3 Nf6 5. Nf3 Qb6 6. Qb3 c4 7. Qxb6 axb6 8. Na3 Bf5 9. Nb5 Kd7 10.
Ne5+ Nxe5 11. dxe5 Nh5 12. Be2 Nxf4 13. exf4 e6 14. O-O Bc5 15. a3 Kc6 16. Nd4+ Bxd4 17. cxd4 b5 18. Rac1 b4 19. axb4 Kb5 20. b3 Rhc8 21.
bxc4+ dxc4 22. Bf3 Rc7 23. d5 exd5 24. Bxd5 Kxb4 25.
Rfd1 Rd8 26. Bf3 Bd3 27. g4 b5 28. Kg2 c3 29. f5 c2 30. Re1 Kc3 31. e6 fxe6 32.
fxe6 b4 33. e7 Re8 34. Re3 Rexe7 0-1